 Dungeon Crawl Stone Soup version 0.26.1-10-gdfb7c7de75 (webtiles) character file.

Game seed: 16674174128106697545

4886 Almogavar the Fighter (level 10, -19/85 HPs)
             Began as a Gnoll Wanderer on Apr 1, 2021.
             Was a Priest of Okawaru.
             Demolished by Gastronok (30 damage)
             ... on level 8 of the Dungeon.
             The game lasted 00:39:54 (12875 turns).

Almogavar the Fighter (Gnoll Wanderer)             Turns: 12875, Time: 00:39:55

Health: -19/85     AC: 12    Str: 16    XL:     10   Next: 50%
Magic:  0/21       EV:  9    Int: 16    God:    Okawaru [***...]
Gold:   370        SH:  8    Dex: 13    Spells: 23/23 levels left

rFire    . . .     SeeInvis .   a - +1 falchion
rCold    . . .     Faith    .   s - +2 buckler
rNeg     . . .     Spirit   +   l - +0 chain mail
rPois    .         Reflect  .   j - +0 helmet
rElec    +         Harm     .   (no cloak)
rCorr    .         Rampage  .   k - +0 pair of gloves
Will     ++...                  (no boots)
Stlth    ..........             p - amulet of guardian spirit
HPRegen  0.24/turn              E - ring of willpower
MPRegen  0.17/turn              (no ring)

@: no status effects
A: distributed training, fangs 1, talons 1, strong-willed 1, electricity
resistance, weak 1, strong nose
a: Renounce Religion, Heroism


You were on level 8 of the Dungeon.
You worshipped Okawaru.
Okawaru was most pleased with you.
You visited 2 branches of the dungeon, and saw 9 of its levels.
You also visited: Ossuary.

You collected 491 gold pieces.
You spent 121 gold pieces at shops.

Inventory:

Hand Weapons
 a - a +1 falchion (weapon)
 d - a +0 flail of holy wrath
 e - a +0 hunting sling
Missiles
 h - 13 boomerangs (quivered)
 G - 5 atropa-tipped darts
 I - 5 javelins
 J - 11 poisoned darts
Armour
 b - a +0 kite shield
 j - a +0 helmet (worn)
 k - a +0 pair of gloves (worn)
 l - a +0 chain mail (worn)
 s - a +2 buckler (worn)
 L - a +0 tower shield
Jewellery
 p - an amulet of guardian spirit (around neck)
 y - an uncursed amulet of magic regeneration
 E - a ring of willpower (left hand)
Wands
 H - a wand of flame (22)
 O - a wand of digging (5)
Scrolls
 c - 4 scrolls of teleportation
 g - 2 scrolls of immolation {unknown}
 i - a scroll of vulnerability {unknown}
 m - a scroll of magic mapping
 o - a scroll of blinking {unknown}
 q - 6 scrolls of remove curse
 r - 4 scrolls of enchant weapon
 w - 3 scrolls of enchant armour {unknown}
 C - a scroll of amnesia
 F - a scroll of fear {unknown}
 K - a scroll of torment {unknown}
 N - a scroll of random uselessness {unknown}
Potions
 f - a potion of flight
 n - 6 potions of haste
 t - 4 potions of might
 u - 2 potions of magic
 v - 3 potions of brilliance
 x - 4 potions of heal wounds
 z - a potion of invisibility {unknown}
 A - a potion of attraction {unknown}
 B - 6 potions of curing
 D - a potion of berserk rage {unknown}
 M - 2 potions of ambrosia {unknown}


   Skills:
 + Level 10.0 Fighting
 + Level 5.3 Short Blades
 + Level 5.3 Long Blades
 + Level 5.3 Axes
 + Level 5.3 Maces & Flails
 + Level 5.3 Polearms
 + Level 5.3 Staves
 + Level 5.3 Slings
 + Level 5.3 Bows
 + Level 5.3 Crossbows
 + Level 5.3 Throwing
 + Level 5.3 Armour
 + Level 6.0 Dodging
 + Level 5.3 Stealth
 + Level 7.1 Shields
 + Level 5.3 Unarmed Combat
 + Level 7.4 Spellcasting
 + Level 4.4 Conjurations
 + Level 4.4 Hexes
 + Level 4.4 Summonings
 + Level 4.4 Necromancy
 + Level 4.4 Translocations
 + Level 4.4 Transmutations
 + Level 4.4 Fire Magic
 + Level 4.4 Ice Magic
 + Level 4.4 Air Magic
 + Level 5.0 Earth Magic
 + Level 4.4 Poison Magic
 + Level 5.9 Invocations
 + Level 5.3 Evocations


You had 23 spell levels left.
You didn't know any spells.
Your spell library contained the following spells:

 Spells                   Type           Power        Failure   Level
 Animate Skeleton         Necr           40%          28%         1
 Apportation              Tloc           40%          28%         1
 Beastly Appendage        Tmut           40%          28%         1
 Corona                   Hex            22%          28%         1
 Sting                    Tmut/Pois      80%          28%         1
 Summon Small Mammal      Summ           80%          28%         1


Dungeon Overview and Level Annotations

Branches:
Dungeon (8/15)             Temple (1/1) D:6            Lair (0/6) D:8
Ossuary (visited)

Altars:
Elyvilon
Fedhas
Gozag
Hepliaklqana
Okawaru
Qazlal
Sif Muna
Trog
Vehumet
Zin

Shops:
D:8 !

Annotations:
D:3 1 runed translucent door, Goaboa's ghost, amateur OpWz
D:8 Gastronok


Innate Abilities, Weirdness & Mutations

Your experience applies equally to all skills.
You have very sharp teeth.
Your uncanny sense of smell can sniff out nearby items.
You have sharp toenails.
You are strong-willed. (Will+)
You are resistant to electric shocks. (rElec)
You are weak. (Str -2)


Message History

The bat hits you but does no damage.
You slash Gastronok!
Gastronok is almost dead.
You block the bat's attack.
Gastronok waves his eye-stalks in wide circles.
The air twists around and strikes you!!
* * * LOW HITPOINT WARNING * * *
You hit Gastronok.
Gastronok is almost dead.
You block the bat's attack. x2
You completely miss Gastronok. You claw Gastronok.
Gastronok is almost dead.
You feel like a meek peon again. The bat hits you.
* * * LOW HITPOINT WARNING * * *
The bat barely misses you.
You hit Gastronok.
Gastronok is almost dead.
You block the bat's attack. Gastronok bites you!!
You die...

#...#....... ..
#...#....... ..####
##.##....... #....#
###........ #....#
#........ #....#
#........
#....######........
#.w.b#....######.#.
#@###............#
#.................
#..........>...#..
#...............##
∆ #..##....###....#
##..##....########
#...........#
#...........#
#...........+


You could see Gastronok (swift) and a bat (summoned).

Vanquished Creatures
  Joseph (D:8)
  A kobold demonologist (D:6)
  A hornet (D:8)
  Menkaure (D:7)
  A water moccasin (D:6)
  A black bear (D:6)
  An ice beast (D:8)
  An orc warrior (D:5)
  A sky beast (D:7)
  A phantom (D:8)
  3 centaurs
  A big kobold (D:7)
  A bullfrog (D:7)
  A gnoll sergeant (D:6)
  2 elf zombies (Ossuary)
  2 scorpions (D:7)
  A water moccasin skeleton (D:4)
  5 killer bees (D:7)
  11 wights
  A bullfrog zombie (D:7)
  A quasit (D:6)
  A human zombie (Ossuary)
  A jelly (Temple)
  3 orc priests
  2 hounds
  2 bullfrog skeletons
  15 orc wizards
  3 gnoll shamans (D:6)
  4 iguanas
  A hell rat (D:8)
  4 worker ants (D:6)
  A big kobold zombie (Ossuary)
  The ghost of CrazyMind the Skirmisher, a weakling FoAK of Lugonu (D:4)
  A hound zombie (D:5)
  A hound skeleton (D:6)
  2 mummies (Ossuary)
  A worker ant zombie (D:8)
  7 adders
  49 gnolls
  5 shadow imps
  3 white imps
  3 ufetubi
  An adder zombie (Ossuary)
  An adder skeleton (D:4)
  4 worms
  5 leopard geckos
  40 orcs
  8 bats
  5 giant cockroaches
  6 goblins
  10 hobgoblins
  26 jackals
  8 kobolds
  8 quokkas
  2 ball pythons
  6 frilled lizards
  8 hobgoblin zombies (Ossuary)
  3 jackal zombies (Ossuary)
  12 kobold zombies (Ossuary)
  2 leopard gecko zombies (D:5)
  7 orc zombies (Ossuary)
  17 rats
  A rat zombie (Ossuary)
329 creatures vanquished.

Vanquished Creatures (others)
  An orc wizard (D:3)
  7 plants (D:6)
8 creatures vanquished.

Grand Total: 337 creatures vanquished

Notes
Turn   | Place    | Note
-------+----------+-------------------------------------------
     0 | D:1      | Almogavar the Gnoll Wanderer began the quest for the Orb.
     0 | D:1      | Almogavar set off with the following items: a +0 falchion,
                  | a +0 kite shield, a scroll of teleportation, a +0 robe
     0 | D:1      | Reached XP level 1. HP: 26/26 MP: 6/6
   158 | D:1      | Reached XP level 2. HP: 33/33 MP: 7/7
   611 | D:1      | Reached skill level 5 in Spellcasting
   611 | D:1      | Reached XP level 3. HP: 11/38 MP: 7/9
   985 | D:1      | Reached skill level 1 in Invocations
  1351 | D:2      | Reached skill level 1 in Short Blades
  1351 | D:2      | Reached skill level 1 in Long Blades
  1351 | D:2      | Reached skill level 1 in Axes
  1351 | D:2      | Reached skill level 1 in Maces & Flails
  1351 | D:2      | Reached skill level 1 in Polearms
  1351 | D:2      | Reached skill level 1 in Staves
  1351 | D:2      | Reached skill level 1 in Slings
  1351 | D:2      | Reached skill level 1 in Bows
  1351 | D:2      | Reached skill level 1 in Crossbows
  1351 | D:2      | Reached skill level 1 in Throwing
  1351 | D:2      | Reached skill level 1 in Armour
  1351 | D:2      | Reached skill level 1 in Stealth
  1351 | D:2      | Reached skill level 1 in Unarmed Combat
  1351 | D:2      | Reached skill level 1 in Evocations
  1415 | D:2      | Reached XP level 4. HP: 34/45 MP: 11/11
  1591 | D:2      | Noticed a centaur
  1606 | D:2      | Killed a centaur
  1607 | D:2      | Reached skill level 1 in Conjurations
  1607 | D:2      | Reached skill level 1 in Hexes
  1607 | D:2      | Reached skill level 1 in Summonings
  1607 | D:2      | Reached skill level 1 in Necromancy
  1607 | D:2      | Reached skill level 1 in Translocations
  1607 | D:2      | Reached skill level 1 in Transmutations
  1607 | D:2      | Reached skill level 1 in Fire Magic
  1607 | D:2      | Reached skill level 1 in Ice Magic
  1607 | D:2      | Reached skill level 1 in Air Magic
  1607 | D:2      | Reached skill level 1 in Poison Magic
  1607 | D:2      | Reached XP level 5. HP: 15/51 MP: 12/12
  2714 | D:3      | Found a runed translucent door.
  2717 | D:3      | Noticed Goaboa's ghost (amateur OpWz)
  2939 | D:3      | Reached XP level 6. HP: 27/57 MP: 13/13
  2973 | D:3      | HP: 1/57 [orc wizard/magic dart (9)]
  2975 | D:3      | Gained mutation: You are resistant to electric shocks.
                  | (rElec) [potion of mutation]
  2975 | D:3      | Gained mutation: You are weak. (Str -2) [potion of
                  | mutation]
  2975 | D:3      | Gained mutation: You are strong-willed. (Will+) [potion of
                  | mutation]
  2975 | D:3      | Gained mutation: You have sharp toenails. [potion of
                  | mutation]
  3305 | D:3      | Reached skill level 5 in Shields
  3991 | D:4      | Found a sand-covered staircase.
  3998 | Ossuary  | Entered an ossuary
  4174 | Ossuary  | Reached XP level 7. HP: 52/63 MP: 11/15
  5053 | D:4      | Found a runed translucent door.
  5055 | D:4      | Noticed CrazyMind's ghost (weakling FoAK)
  5112 | D:4      | Reached skill level 9 in Fighting
  5366 | D:4      | Killed CrazyMind's ghost
  5422 | D:5      | Entered Level 5 of the Dungeon
  5444 | D:5      | Found a glowing silver altar of Zin.
  5445 | D:5      | Found an opulent altar of Gozag.
  5447 | D:5      | Found an iron altar of Okawaru.
  5447 | D:5      | Found a white marble altar of Elyvilon.
  5447 | D:5      | Found a stormy altar of Qazlal.
  5455 | D:5      | Became a worshipper of Warmaster Okawaru
  5597 | D:5      | Reached XP level 8. HP: 71/71 MP: 16/16
  5748 | D:5      | Found a shimmering blue altar of Sif Muna.
  5759 | D:5      | Identified Sif Muna's Grimoire of Moulding
  6044 | D:5      | Found a bloodstained altar of Trog.
  6768 | D:6      | Reached * piety under Okawaru
  7342 | D:6      | Reached XP level 9. HP: 65/76 MP: 15/18
  7436 | D:6      | Found a staircase to the Ecumenical Temple.
  7461 | Temple   | Entered the Ecumenical Temple
  8176 | D:6      | Found a blossoming altar of Fedhas.
  8481 | D:6      | Reached ** piety under Okawaru
  8482 | D:6      | Reached skill level 5 in Dodging
  9418 | D:6      | Noticed a kobold demonologist
  9420 | D:6      | Noticed a sixfirhy
  9431 | D:6      | Noticed a rust devil
  9432 | D:6      | Killed a kobold demonologist
  9433 | D:6      | Reached skill level 5 in Invocations
  9995 | D:7      | Reached XP level 10. HP: 80/85 MP: 20/20
 10160 | D:7      | Noticed Menkaure
 10170 | D:7      | Killed Menkaure
 10513 | D:7      | Reached *** piety under Okawaru
 10580 | D:7      | Reached skill level 5 in Short Blades
 10580 | D:7      | Reached skill level 5 in Long Blades
 10580 | D:7      | Reached skill level 5 in Axes
 10580 | D:7      | Reached skill level 5 in Maces & Flails
 10580 | D:7      | Reached skill level 5 in Polearms
 10580 | D:7      | Reached skill level 5 in Staves
 10580 | D:7      | Reached skill level 5 in Slings
 10580 | D:7      | Reached skill level 5 in Bows
 10580 | D:7      | Reached skill level 5 in Crossbows
 10580 | D:7      | Reached skill level 5 in Throwing
 10580 | D:7      | Reached skill level 5 in Armour
 10580 | D:7      | Reached skill level 5 in Stealth
 10580 | D:7      | Reached skill level 5 in Unarmed Combat
 10580 | D:7      | Reached skill level 5 in Evocations
 11607 | D:8      | Reached skill level 10 in Fighting
 11608 | D:8      | Noticed a death yak
 12024 | D:8      | Found Atzata's Distillery.
 12029 | D:8      | Bought 2 potions of curing for 66 gold pieces
 12029 | D:8      | Bought a potion of heal wounds for 55 gold pieces
 12100 | D:8      | Noticed Joseph
 12133 | D:8      | Killed Joseph
 12317 | D:8      | Noticed a death yak
 12318 | D:8      | Noticed a death yak
 12515 | D:8      | Found a staircase to the Lair.
 12558 | D:8      | Paralysed by a hornet for 2 turns
 12573 | D:8      | Reached skill level 5 in Earth Magic
 12829 | D:8      | Noticed Gastronok
 12875 | D:8      | Demolished by Gastronok

Illustrated notes

Levels and vault maps discovered:
D:1:      lightli_arrival_lavapool, layout_loops_corners, due_unseen_surprise
D:2:      layout_basic
D:3:      layout_basic, hellmonk_ghost_happy_afterlife
D:4:      layout_loops_corners, chequers_ossuary_entry_cave,
          ebering_ghost_reflecting_pool, minivault_27,
          kennysheep_generic_room_12
D:5:      layout_loops_ring, grunt_temple_overflow_open,
          nzn_overflow_gifts_of_might_and_magic, grunt_ministairs_7
D:6:      lemuel_castle_with_subvaults [lemuel_castle_interior_original],
          layout_basic, minmay_temple_entry_arrows, grunt_ministairs_14,
          nicolae_lava_and_water, fedhas_altar_1
D:7:      layout_cave_pods, uniq_menkaure
D:8:      layout_gridville, minitemple, dpeg_lair_monsters, serial_shops, shop,
          uniq_joseph, uniq_gastronok
Temple:   nicolae_temple_hex_pool

Skill      XL: |  1  2  3  4  5  6  7  8  9 10 |
---------------+-------------------------------+-----
Earth Magic    | 2 3 4 5 |  5.0
Spellcasting   | 5 6 7 |  7.4
Invocations    | 1 2 3 4 5 |  5.9
Short Blades   | 1 2 3 4 5 |  5.3
Long Blades    | 1 2 3 4 5 |  5.3
Axes           | 1 2 3 4 5 |  5.3
Maces & Flails | 1 2 3 4 5 |  5.3
Polearms       | 1 2 3 4 5 |  5.3
Staves         | 1 2 3 4 5 |  5.3
Slings         | 1 2 3 4 5 |  5.3
Bows           | 1 2 3 4 5 |  5.3
Crossbows      | 1 2 3 4 5 |  5.3
Throwing       | 1 2 3 4 5 |  5.3
Armour         | 1 2 3 4 5 |  5.3
Stealth        | 1 2 3 4 5 |  5.3
Unarmed Combat | 1 2 3 4 5 |  5.3
Evocations     | 1 2 3 4 5 |  5.3
Conjurations   | 1 2 3 4 |  4.4
Hexes          | 1 2 3 4 |  4.4
Summonings     | 1 2 3 4 |  4.4
Necromancy     | 1 2 3 4 |  4.4
Translocations | 1 2 3 4 |  4.4
Transmutations | 1 2 3 4 |  4.4
Fire Magic     | 1 2 3 4 |  4.4
Ice Magic      | 1 2 3 4 |  4.4
Air Magic      | 1 2 3 4 |  4.4
Poison Magic   | 1 2 3 4 |  4.4
Dodging        | 3 4 5 6 |  6.0
Shields        | 5 6 7 |  7.1
Fighting       | 9 10 | 10.0

Action                   |  1- 3 |  4- 6 |  7- 9 | 10-12 || total
-------------------------+-------+-------+-------+-------++-------
Melee: Falchion          |   105 |   292 |   669 |   266 ||  1332
       Bite              |     9 |    37 |    77 |    33 ||   156
       Kick              |       |    47 |   233 |    94 ||   374
Throw: Boomerang         |     2 |    11 |    98 |    67 ||   178
Invok: Heroism           |       |       |     2 |     5 ||     7
  Use: Scroll            |       |     4 |     6 |     1 ||    11
       Potion            |       |     2 |     1 |     2 ||     5
 Stab: Sleeping          |     3 |       |       |       ||     3
Armor: Robe              |    23 |       |       |       ||    23
       Chain mail        |     2 |   104 |   275 |    81 ||   462
       Scale mail        |       |    73 |    24 |       ||    97
Dodge: Dodged            |    40 |    86 |   260 |    73 ||   459
Block: Kite shield       |    48 |   141 |       |       ||   189
       Buckler           |       |    10 |   275 |    90 ||   375
       Rpst.: Falchion   |    15 |    27 |    62 |    21 ||   125
